← All builds
Geo / Armada / Economy first / OBSERVED BUILD

Standard geo

Armada Geo build order · Supreme Isthmus

Standard Geo economy into T2 constructor and Starlight/Jaguar units sent to front as usual, with support built for teammates along the way.

Usually blows up the commander for T2 (72%)

#eco #t2 #team support · 1359 distinct matches · 238 players · 55% of Armada Geo games · team won 55% of 1581 · Recently observed

HOW TO PLAY IT

Key timing: T2 constructor by 4:55

  1. Open 2 mex and wind, then Bot Lab by 0:35.
  2. Rush geothermal powerplant to fund T2 ahead of other roles.
  3. Get T2 constructor out to start building T2 units.
  4. Add Vehicle Plant and Advanced Geothermal for the T2 push.
  5. Fly first Starlight to front with a transport from Air.

Phase by phase

TYPICAL OF ITS 1359 GAMES
  1. 1
  2. 2
  3. 3
  4. 4
PLAY THE OPENING

Follow the example game's first 6:00 step by step: what to build now, what comes next, and where it goes. At 1× it keeps pace with your own game.

  1. 1

    Up to the Bot Lab

    Economy
    • Metal Extractor3Mex
    • Wind Turbine4Wind
    Order
    1. Bot LabBot Lab after 3 mex, 4 winddone ~1:11, middle half 0:58–1:21

    By 0:55 in all: 3 mex · 4 wind

    The example game in this phase · 3 steps
    1. Mex ×2
    2. Wind ×4
    3. Bot LabBot Labdone 0:57 · typical 1:11
  2. 2

    Bot Lab to 5:00

    Economy
    • Metal Extractor2Mex
    • Wind Turbine3Wind
    • Energy Converter8Converter
    • Energy Storage1Energy storage
    Order
    1. Geothermal PowerplantGeo after 4 mex, 5 wind, 1 energy storage
    2. Bot LabEat Bot Lab
    Builders
    • Construction Turret5 Con turret
    • Lazarus4 Lazarus
    • Construction Bot2 Con bot
    • Construction Bot1 Con bot for allies
    • Lazarus1 Lazarus for allies

    By 5:00 in all: 4 mex · 7 wind · 1 geo · 8 converter · 1 energy storage · 5 con turret

    The example game in this phase · 26 steps
    1. LazarusLazarus
    2. Wind
    3. Construction BotCon botfor Pond
    4. LazarusLazarusfor Beach sea
    5. LazarusLazarus
    6. Mex ×2
    7. LazarusLazarus
    8. Construction BotCon botfor Beach sea
    9. LazarusLazarus
    10. Geothermal PowerplantGeodone 2:56 · typical 3:29
    11. Construction BotCon bot ×2
    12. Con turret
    13. Construction BotCon bot
    14. Converter
    15. Con turret
    16. Bot LabEat Bot Labreclaimed for its metal
    17. Converter
    18. Con turret
    19. Converter ×4
    20. Radar TowerRadar Tower
    21. Converter ×5
    22. Con turret
    23. Converter
    24. Wind ×15
    25. Advanced Metal ExtractorT2 mexdone 5:06 · typical 5:38
    26. Wind
  3. 3

    5:00 to Vehicle Plant

    Order
    1. Advanced Geothermal PowerplantAdvanced Geothermal Powerplant after 8 wind, 10 converter, 6 con turretin 57% of games
    2. Vehicle PlantVehicle Plant after 9 wind, 10 converter, 6 con turretdone ~7:06, middle half 6:38–7:32

    Some games also: con turret (49%) · converter (48%) · wind (40%)

    By 6:56 in all: 4 mex · 9 wind · 1 geo · 1 Advanced Geothermal Powerplant · 10 converter · 1 energy storage

    The example game in this phase · 4 steps
    1. Advanced Metal ExtractorT2 mex
    2. PrudePrudedone 6:21
    3. Advanced Metal ExtractorT2 mex
    4. Vehicle PlantVehicle Plantdone 6:26 · typical 7:06
  4. 4

    Vehicle Plant to 10:00

    Economy
    • Wind Turbine5Wind
    • Energy Converter4Converter
    Order
    1. Advanced Vehicle PlantAdvanced Vehicle Plant after 10 wind, 11 converter, 6 con turret
    2. Vehicle PlantEat Vehicle Plant
    Builders
    • Construction Vehicle1 Con vehicle
    • Advanced Construction Vehicle1 T2 con vehicle for allies
    Army
    • Starlight2 Starlight
    • Umbra1 Jammer
    • Prophet1 Radar vehicle

    Some games also: con turret (48%) · Jaguar (36%)

    By 10:00 in all: 4 mex · 18 wind · 1 geo · 1 Advanced Geothermal Powerplant · 16 converter · 1 energy storage

    The example game in this phase · 133 steps
    1. Construction VehicleCon vehicle
    2. Advanced Vehicle PlantAdvanced Vehicle Plantdone 7:06 · typical 8:02
    3. Energy storage
    4. Vehicle PlantEat Vehicle Plantreclaimed for its metal
    5. Advanced Construction VehicleT2 con vehiclefor Suicide front
    6. StarlightStarlightdone 7:39 · typical 9:04
    7. Converter
    8. StarlightStarlight
    9. Converter ×2
    10. ProphetRadar vehicle
    11. Converter
    12. UmbraJammer
    13. Wind ×2
    14. Converter
    15. StarlightStarlight
    16. Wind
    17. ConsulConsul
    18. Converter
    19. Wind
    20. StarlightStarlight
    21. Wind ×2
    22. Con turret ×2
    23. Wind
    24. Con turret
    25. Wind ×3
    26. PawnPawn ×3
    27. ShredderShredderdone 9:14
    28. PawnPawn
    29. Wind
    30. Energy storage
    31. PawnPawn
    32. Wind
    33. AmbassadorAmbassadordone 9:30
    34. PawnPawn
    35. Wind
    36. PawnPawn
    37. Wind
    38. PawnPawn
    39. Wind
    40. PlatypusPlatypus
    41. AmbassadorAmbassador
    42. Wind
    43. PlatypusPlatypus
    44. Wind ×4
    45. AmbassadorAmbassador
    46. Wind
    47. PlatypusPlatypus
    48. Wind ×5
    49. ConsulConsul
    50. PlatypusPlatypus
    51. Wind ×2
    52. ConsulConsul
    53. PawnPawn
    54. Wind
    55. PawnPawn
    56. Advanced Construction VehicleT2 con vehicle
    57. PawnPawn
    58. Wind ×2
    59. PawnPawn ×2
    60. Wind
    61. PawnPawn
    62. Wind
    63. PawnPawn ×2
    64. Wind
    65. PawnPawn ×5
    66. Wind
    67. PawnPawn ×3
    68. CrossbowCrossbow
    69. PawnPawn
    70. Wind
    71. CrossbowCrossbow
    72. Wind ×2
    73. PawnPawn
    74. Wind
    75. CrossbowCrossbow
    76. PawnPawn
    77. BeamerBeamer
    78. PawnPawn
    79. Wind
    80. BeamerBeamer
    81. PawnPawn
    82. Wind
    83. PawnPawn
    84. Wind ×2
    85. PawnPawn
    86. Wind
    87. PawnPawn ×3
    88. Wind
    89. PawnPawn
    90. Wind ×2
    91. PawnPawn
    92. Wind
    93. PawnPawn ×2
    94. Wind
    95. PawnPawn ×3
    96. Wind ×2
    97. PawnPawn
    98. TracerTracer
    99. Wind ×2
    100. PawnPawn
    101. Wind
    102. PawnPawn ×2
    103. Wind
    104. PawnPawn
    105. Wind
    106. PawnPawn
    107. StarlightStarlight
    108. Wind
    109. PawnPawn
    110. Advanced Metal ExtractorT2 mex
    111. PawnPawn
    112. Wind ×2
    113. PawnPawn ×3
    114. Wind
    115. UmbraJammer
    116. PawnPawn ×3
    117. ProphetRadar vehicle
    118. PawnPawn ×2
    119. Wind
    120. StarlightStarlight
    121. PawnPawn
    122. Wind
    123. Metal storage
    124. Converter
    125. Wind ×5
    126. Converter
    127. StarlightStarlight
    128. Wind
    129. Converter
    130. CitadelAnti-nukenot finished by 15:00
    131. Wind ×2
    132. Bot LabBot Labnot finished by 15:00
    133. Wind

Counts are medians over the build's games: half of them build more, half fewer. The example game is RockFish's (35 OS, 14/10/2026); pick another.

Team trades

IN AT LEAST 30% OF ITS GAMES

You hand over

  • Lazarus1 Lazarus to Beach seafirst at 2:17 · in 75% of games
  • Construction Bot1 Con bot to Beach seafirst at 2:27 · in 86% of games
  • Advanced Construction Vehicle1 T2 con vehicle to Suicide front or Frontfirst at 8:48 · in 63% of games

You get

  • Advanced Construction Bot1 T2 con bot from Techfirst at 4:53 · in 94% of games

How it plays out

Typical game of this build, running totals by minute

Metal produced

020k40k
0:005:0010:0015:00

metal

Enemy metal destroyed

05k10k15k
0:005:0010:0015:00

metal

Own metal lost

02k4k6k
0:005:0010:0015:00

metal

1581 games.

Show as table
ByMetal produced: This buildEnemy metal destroyed: This buildOwn metal lost: This build
1:0033300
2:0086100
3:00152700
4:00267100
5:00369400
6:00563600
7:00801500
8:001133500
9:00144064284
10:0017271472202
11:00201161737520
12:002298936141579
13:002573558742938
14:002858982524405
15:0031360102425550
WHAT THE NUMBERS SAY

Standard Geo play wins about half its games while destroying the most enemy metal by 15:00 among the roles shown here.

  • + Enemy metal destroyed jumps to 10560 by 15:00, highest of all six builds.
  • + Starlight makes up 34% of army, delivering the long-range T2 push.
  • − Own metal lost reaches 5977 by 15:00 from the aggressive T2 push.
  • − First Starlight only arrives in 60% of games, a late or inconsistent push.
THE EXAMPLE YOU ARE READING

RockFish

35.4 OS · 14/10/2026

Open source match ↗

2 received units · includes a constructor
2124 metal received · 113246 energy received

Allied construction assistance is unknown. Timings are observations, not a promise of solo reproducibility.

Typical milestones

Bot Lab1:11Middle 50%: 0:58–1:21 · n=1580
Geothermal Powerplant3:29Middle 50%: 3:13–3:47 · n=1572
Advanced Metal Extractor5:38Middle 50%: 5:21–6:02 · n=1572
Vehicle Plant7:06Middle 50%: 6:38–7:32 · n=1528
Advanced Geothermal Powerplant7:11Middle 50%: 6:51–7:42 · n=1146
Advanced Vehicle Plant8:02Middle 50%: 7:40–8:33 · n=1463
Starlight9:04Middle 50%: 8:32–9:47 · n=1320

Played most by

0neTw0120games of this buildzeus_on_god119games of this buildXad53games of this buildTheGeneraI47games of this buildViltrum41games of this build